 Dungeon Crawl Stone Soup version 0.23-a0-73-g64c3ba73d4 (webtiles) character file.

576 Azzok the Slasher (level 7, -10/48 HPs)
             Began as a Halfling Fighter on Aug 10, 2018.
             Was a Follower of Okawaru.
             Mangled by an ogre
             ... wielding a +0 giant club
              (14 damage)
             ... on level 4 of the Dungeon.
             The game lasted 00:07:48 (3924 turns).

Azzok the Slasher (Halfling Fighter)                Turns: 3924, Time: 00:07:49

Health: -10/48     AC:  8    Str: 19    XL:     7   Next: 62%
Magic:  9/9        EV:  9    Int:  6    God:    Okawaru [*.....]
Gold:   163        SH:  9    Dex: 14    Spells: 6/6 levels left

rFire    . . .     SeeInvis .   a - +0 long sword
rCold    . . .     Gourm    .   c - +0 shield
rNeg     . . .     Faith    .   b - +0 scale mail
rPois    +         Spirit   .   m - +2 hat
rElec    .         Reflect  .   (no cloak)
rCorr    .         Harm     .   (no gloves)
MR       .....                  (no boots)
Stlth    ..........             (no amulet)
HPRegen  0.16/turn              (no ring)
MPRegen  0.11/turn              s - ring of poison resistance

@: no status effects
A: small, mutation resistance 1
a: Heroism, Renounce Religion


You were on level 4 of the Dungeon.
You worshipped Okawaru.
Okawaru was aware of your devotion.
You were not hungry.

You visited 1 branch of the dungeon, and saw 4 of its levels.

You collected 163 gold pieces.

Inventory:

Hand Weapons
 a - a +0 long sword (weapon)
 g - a +1 hand axe of flaming
Missiles
 e - 199 stones (quivered)
 v - 15 sling bullets
Armour
 b - a +0 scale mail (worn)
 c - a +0 shield (worn)
 m - a +2 hat (worn)
Jewellery
 s - a ring of poison resistance (right hand)
 A - an uncursed amulet of the gourmand {unknown}
Wands
 u - a wand of paralysis (3)
Scrolls
 d - a scroll of enchant armour {unknown}
 i - 3 scrolls of remove curse {unknown}
 j - 3 scrolls of fear {unknown}
 k - 5 scrolls of identify {unknown}
 l - a scroll of teleportation {unknown}
 o - a scroll of fog {unknown}
 q - 2 scrolls of random uselessness {unknown}
 x - a scroll of magic mapping {unknown}
 y - a scroll of amnesia {unknown}
Potions
 h - a potion of mutation {unknown}
 n - 2 potions of curing {unknown}
 r - a potion of haste {unknown}
 t - a potion of degeneration {unknown}
 w - a potion of lignification {unknown}
 z - a potion of cancellation {unknown}
 B - a potion of brilliance {unknown}
Comestibles
 f - 8 rations
 p - a chunk of flesh


   Skills:
 + Level 4.2 Fighting
 + Level 6.0 Long Blades
 - Level 3.2 Armour
 - Level 3.2 Shields
 + Level 3.6 Invocations


You had 6 spell levels left.
You didn't know any spells.
Your spell library contained the following spells:

 Spells                   Type           Power        Failure   Level  Hunger
 Magic Dart               Conj           #...         100%        1    ##.....
 Conjure Flame            Conj/Fire      #.......     100%        3    ####...
 Slow                     Hex            #.......     100%        2    ###....
 Mephitic Cloud           Conj/Pois/Air  #.......     100%        3    ####...
 Blink                    Tloc           N/A          100%        2    ###....
 Call Imp                 Summ           #.......     100%        2    ###....


Dungeon Overview and Level Annotations

Branches:
Dungeon (4/15)
 Temple: D:4-7

Altars:
Cheibriados
Dithmenos
Okawaru
Yredelemnul

Annotations:
D:4 Sigmund


Innate Abilities, Weirdness & Mutations

You are small and have problems with some larger weapons.
You are somewhat resistant to further mutation.


Message History

Sigmund barely misses you.
You barely miss the ogre.
The ogre is moderately wounded.
You block the ogre's attack. You block Sigmund's attack.
You slash the ogre!
The ogre is heavily wounded.
You block the ogre's attack.
Sigmund hits you from afar with a scythe!
Some of the chunks of flesh in your inventory have rotted away.
You hit the ogre but do no damage.
The ogre is heavily wounded.
You block the ogre's attack.
You hit the ogre but do no damage.
The ogre is heavily wounded.
Sigmund hits you but does no damage. The ogre hits you with a giant club!
* * * LOW HITPOINT WARNING * * *
Your shield and scale mail prevent you from hitting the ogre.
The ogre is heavily wounded.
The ogre hits you with a giant club!
You die...

···▒·▒ ······▒
·····▒ ▒·····▒
·····▒ ▒·····▒
·····▒ ▒·▒▒▒·····▒
··▒▒▒▒ ▒·········▒
▒▒···▒ ····▒▒▒·····▒
▒···▒▒ ' ▒▒▒▒@▒▒
···▒▒ ▒▒▒O▒ ··▒▒
▒▒·@·▒ ··▒ ▒··▒▒▒
▒·▒ ▒▒·▒▒▒ ··▒
▒····▒▒ ··▒▒
▒▒·····▒▒ ···▒▒
▒▒·······▒
▒···▒▒▒▒▒▒▒········▒
▒▒·················▒
▒▒▒▒······▒▒▒▒▒▒·▒▒


You could see Sigmund and an ogre.

Vanquished Creatures
  Eustachio (D:4)
  A sky beast (D:4)
  A hound (D:4)
  An orc priest (D:3)
  A bullfrog skeleton (D:4)
  Jessica (D:2)
  2 worker ants
  2 orc wizards (D:4)
  3 adders
  2 oozes (D:3)
  An adder skeleton (D:4)
  6 worms
  2 leopard geckos (D:1)
  7 orcs
  A ball python (D:3)
  8 bats
  A giant cockroach (D:1)
  8 goblins
  9 hobgoblins
  3 quokkas
  9 frilled lizards
  7 kobolds
  A leopard gecko skeleton (D:4)
  5 rats
83 creatures vanquished.

Notes
Turn   | Place    | Note
-------+----------+-------------------------------------------
     0 | D:1      | Azzok the Halfling Fighter began the quest for the Orb.
     0 | D:1      | Reached XP level 1. HP: 15/15 MP: 1/1
   268 | D:1      | Reached XP level 2. HP: 19/20 MP: 2/2
   465 | D:1      | Reached skill level 3 in Long Blades
   562 | D:1      | You fall through a shaft!
   566 | D:2      | Reached XP level 3. HP: 15/25 MP: 3/3
   870 | D:2      | Found a basalt altar of Yredelemnul.
   968 | D:2      | Noticed Jessica
   979 | D:2      | Reached skill level 4 in Long Blades
   979 | D:2      | Reached XP level 4. HP: 3/30 MP: 4/4
   982 | D:2      | HP: 1/30 [poisoned by a worker ant]
   987 | D:2      | Killed Jessica
  1444 | D:2      | Reached XP level 5. HP: 34/35 MP: 5/5
  1648 | D:3      | Found an iron altar of Okawaru.
  1668 | D:3      | Became a worshipper of Warmaster Okawaru
  2108 | D:3      | Found a snail-covered altar of Cheibriados.
  2388 | D:3      | Reached skill level 5 in Long Blades
  2388 | D:3      | Reached skill level 1 in Invocations
  3013 | D:3      | Reached XP level 6. HP: 29/42 MP: 5/7
  3285 | D:4      | Noticed a sky beast
  3286 | D:4      | Found a shadowy altar of Dithmenos.
  3314 | D:4      | HP: 2/42 [something (6)]
  3332 | D:4      | Killed a sky beast
  3496 | D:4      | Reached XP level 7. HP: 43/47 MP: 7/9
  3766 | D:4      | Noticed Eustachio
  3794 | D:4      | Killed Eustachio
  3794 | D:4      | Reached * piety under Okawaru
  3794 | D:4      | Reached skill level 6 in Long Blades
  3907 | D:4      | Noticed Sigmund
  3924 | D:4      | Mangled by an ogre

Vault maps used:
D:1:      lightli_arrival_isolated_outpost
D:2:      yredelemnul_altar_generic, first_ration, uniq_jessica
D:3:      overflow_temple_1_default, okawaru_trees_2
D:4:      minmay_diamond_boxcup, grunt_temple_overflow_opulence,
          nicolae_dithmenos_shadow_blocks, minmay_temple_entry_fiery,
          eino_tiny_chamber, corexii_checkpoint_a, nrook_mini_vaults,
          nemelex_dance_club_becter, uniq_eustachio, uniq_sigmund

Skill      XL: |  1  2  3  4  5  6  7 |
---------------+----------------------+-----
Long Blades    | 3 4 5 6 |  6.0
Invocations    | 1 2 3 |  3.6
Fighting       | 3 4 |  4.2
Armour         | |  3.2
Shields        | |  3.2

Action                   |  1- 3 |  4- 6 |  7- 9 || total
-------------------------+-------+-------+-------++-------
Melee: Long sword        |    93 |   213 |    53 ||   359
Throw: Stone             |       |     3 |       ||     3
  Use: Potion            |       |     4 |       ||     4
  Eat: Chunk             |       |     9 |     1 ||    10
Armor: Scale mail        |    24 |    81 |    25 ||   130
Dodge: Dodged            |    24 |    66 |    24 ||   114
Block: Shield            |    53 |    79 |    35 ||   167
       Rpst.: Long sword |    11 |    19 |     5 ||    35

Table legend:
 A = Non-vault XP
 B = Vault XP
 C = Vault XP percentage of total XP
 D = Non-vault monster count
 E = Vault monster count
 F = Vault count percentage of total count
 G = Total turns spent on level
                 A         B        C        D         E       F
            +---------+---------+-------+---------+---------+-------
      Total |     587 |     237 |  28.8 |      79 |       4 |   4.8
            +---------+---------+-------+---------+---------+-------
        D:1 |      25 |       0 |   0.0 |      14 |       0 |   0.0
        D:2 |      81 |      37 |  31.4 |      21 |       1 |   4.5
        D:3 |     132 |       0 |   0.0 |      31 |       0 |   0.0
        D:4 |     349 |     200 |  36.4 |      13 |       3 |  18.8
            +---------+---------+-------+---------+---------+-------
